 Dungeon Crawl Stone Soup version 0.19.1-1-g22dce08 (console) character file.

310 Kloppie the Shield-Bearer (level 6, 0/47 HPs)
             Began as a Formicid Fighter on Jan 6, 2017.
             Killed from afar by a white imp (11 damage)
             ... with a puff of frost
             ... summoned by Natasha
             ... on level 4 of the Dungeon.
             The game lasted 00:03:16 (2232 turns).

Kloppie the Shield-Bearer (Formicid Fighter)        Turns: 2232, Time: 00:03:17

Health: 0/47       AC:  6    Str: 25    XL:     6   Next: 70%
Magic:  6/6        EV:  9    Int:  8    God:
Gold:   127        SH: 11    Dex: 12    Spells: 0 memorised, 5 levels left

rFire  . . .     SeeInvis +     a - +0 long sword
rCold  . . .     Gourm    .     b - +0 scale mail
rNeg   . . .     Faith    .     c - +0 shield
rPois  .         Spirit   .     (helmet unavailable)
rElec  .         Reflect  .     (no cloak)
rCorr  .         Harm     .     (no gloves)
MR     .....                    (no boots)
Stlth  ..........               (no amulet)
                                (no ring)
                                (no ring)

@: mighty
A: permanent stasis, dig shafts and tunnels, four strong arms, antennae 3
a: Dig, Shaft Self


You were on level 4 of the Dungeon.
You were not hungry.

You visited 1 branch of the dungeon, and saw 4 of its levels.

You collected 127 gold pieces.

Inventory:

Hand Weapons
 a - a +0 long sword (weapon)
Armour
 b - a +0 scale mail (worn)
 c - a +0 shield (worn)
Jewellery
 u - an uncursed ring of protection from cold {unknown}
Scrolls
 e - a scroll of random uselessness
 j - a scroll of fog
 l - 2 scrolls of noise
 m - a scroll of fear {unknown}
 o - 2 scrolls of recharging {unknown}
 q - 2 scrolls of enchant weapon {unknown}
 r - a scroll of magic mapping {unknown}
 s - a scroll of enchant armour {unknown}
 t - a scroll of teleportation {unknown}
Potions
 d - a potion of might
 i - a potion of flight
 k - a potion of curing
Comestibles
 f - 2 bread rations
 g - 2 chunks of flesh
 n - 8 fruits


   Skills:
 - Level 3.2 Fighting
 + Level 4.8 Long Blades
 - Level 3.2 Armour
 + Level 6.5 Shields


You had 5 spell levels left.
You didn't know any spells.

Dungeon Overview and Level Annotations

Branches:
Dungeon (4/15)
 Temple: D:4-7

Altars:
Fedhas
The Shining One

Annotations:
D:4 Natasha


Innate Abilities, Weirdness & Mutations

You are under a permanent stasis effect.
You can dig through walls and to a lower floor.
Your four strong arms can wield two-handed weapons with a shield.
You have a pair of large antennae on your head. (SInv)


Message History

Blork the orc is almost dead.
Blork the orc points at you and mumbles some strange words.
The magic dart hits you!
* * * LOW HITPOINT WARNING * * *
You block Blork the orc's attack.
You slash Blork the orc!
You kill Blork the orc!
Natasha mumbles some strange words.
You barely miss the white imp. You block the white imp's attack.
You slash the white imp!
The white imp is almost dead.
The white imp grinds its teeth.
The white imp gestures at you. The puff of frost hits you!
* * * LOW HITPOINT WARNING * * *
You barely miss the white imp.
The white imp is almost dead.
The white imp gestures at you. The puff of frost hits you!
You die...

# ###...## #
#...... #
...... # .....
# #...# # #..[#
#5h# #5##
###@.# #....#
## #.#.## #.#
#.#.# #.# #.#.#
#.# #.#.# #.#
#.#.# #.# #.#.#
###.#######.#.#


You could see Natasha, a white imp and a shadow imp.

Vanquished Creatures
  Blork the orc (D:4)
  An orc priest (D:2)
  An orc wizard (D:3)
  A worker ant (D:4)
  A hound skeleton (D:4)
  5 adders
  A gnoll (D:1)
  An ooze (D:2)
  3 worms (D:2)
  2 dart slugs
  A leopard gecko (D:1)
  4 orcs
  A ball python (D:2)
  8 bats
  3 giant cockroaches
  3 goblins
  11 hobgoblins
  6 jackals (D:2)
  2 quokkas (D:2)
  5 frilled lizards
  7 kobolds
  8 rats
76 creatures vanquished.

Notes
Turn   | Place    | Note
-------+----------+-------------------------------------------
     0 | D:1      | Kloppie the Formicid Fighter began the quest for the Orb.
     0 | D:1      | Reached XP level 1. HP: 18/18 MP: 1/1
    57 | D:1      | Reached skill level 4 in Shields
    57 | D:1      | Reached XP level 2. HP: 17/24 MP: 2/2
   159 | D:1      | Reached XP level 3. HP: 21/29 MP: 3/3
   851 | D:2      | Found a glowing golden altar of the Shining One.
   911 | D:2      | Reached XP level 4. HP: 33/35 MP: 4/4
  1001 | D:2      | Found a blossoming altar of Fedhas.
  1043 | D:2      | Reached skill level 5 in Shields
  1409 | D:2      | Reached XP level 5. HP: 37/41 MP: 5/5
  1742 | D:3      | Reached XP level 6. HP: 45/47 MP: 6/6
  1762 | D:3      | Reached skill level 6 in Shields
  2213 | D:4      | Noticed Blork the orc
  2213 | D:4      | Noticed Natasha
  2229 | D:4      | Killed Blork the orc
  2232 | D:4      | Killed from afar by a white imp

Skill      XL: |  1  2  3  4  5  6 |
---------------+-------------------+-----
Shields        | 4 5 6 |  6.5
Long Blades    | 3 4 |  4.8
Fighting       | |  3.2
Armour         | |  3.2

Action                   |  1- 3 |  4- 6 || total
-------------------------+-------+-------++-------
Melee: Long sword        |   128 |   161 ||   289
  Use: Potion            |       |     5 ||     5
       Scroll            |       |     3 ||     3
  Eat: Chunk             |       |     5 ||     5
Armor: Scale mail        |    36 |    75 ||   111
Dodge: Dodged            |    38 |    67 ||   105
Block: Shield            |    63 |   104 ||   167
       Rpst.: Long sword |    10 |    27 ||    37
